 Dungeon Crawl Stone Soup version 0.30.1-1-g62c8e00024 (webtiles) character file.

Game seed: 16953895243559704004

62 Labrat the Conjurer (level 4, 0/30 HPs)
             Began as a Human Conjurer on July 16, 2023.
             Slain by a gnoll
             ... wielding a +0 whip
              (9 damage)
             ... on level 2 of the Dungeon.
             The game lasted 00:03:18 (1593 turns).

Labrat the Conjurer (Human Conjurer)                Turns: 1593, Time: 00:03:18

Health: 0/30       AC:  3    Str:  7    XL:     4   Next: 28%
Magic:  8/8        EV: 12    Int: 27    God:
Gold:   74         SH:  0    Dex: 11    Spells: 6/9 levels left

rFire   . . .        i - +0 dagger (venom)
rCold   . . .        (no shield)
rNeg    + . .        j - +1 robe {rN+}
rPois   .            (no helmet)
rElec   .            (no cloak)
rCorr   .            (no gloves)
SInv    .            (no boots)
Will    .....        (no amulet)
Stlth   ++           g - +6 ring of intelligence
HPRegen 0.25/turn    (no ring)
MPRegen 0.11/turn

%: no passive effects
@: no status effects
A: no striking features
a: no special abilities


You were on level 2 of the Dungeon.
You visited 1 branch of the dungeon, and saw 2 of its levels.

You collected 74 gold pieces.

Inventory:

Hand Weapons
 i - a +0 dagger of venom (weapon)
Missiles
 h - 8 poisoned darts
Armour
 j - a +1 robe of positive energy (worn)
Jewellery
 g - a +6 ring of intelligence (left hand)
 l - a +6 ring of strength
Scrolls
 d - 3 scrolls of noise {unknown}
Potions
 a - 3 potions of berserk rage {unknown}
 b - a potion of magic
 c - 2 potions of degeneration {unknown}
 e - 2 potions of curing {unknown}
 f - a potion of haste {unknown}
 k - 2 potions of lignification {unknown}


   Skills:
 - Level 2.0 Dodging
 - Level 2.0 Stealth
 + Level 3.1 Spellcasting
 + Level 4.8 Conjurations


You had 6 spell levels left.
You knew the following spells:

 Your Spells              Type           Power      Damage    Failure   Level
a - Magic Dart            Conj           100%       1d8       1%          1
b - Searing Ray           Conj           60%        2d6       1%          2

Your spell library contained the following spells:

 Spells                   Type           Power      Damage    Failure   Level
 Dazzling Flash           Conj/Hex       34%        N/A       10%         3
 Hailstorm                Conj/Ice       17%        3d6       10%         3
 Fulminant Prism          Conj/Hex       8%         3d7       32%         4
 Iskenderun's Mystic Bla  Conj/Tloc      17%        2d5       32%         4
 Ice Form                 Ice/Tmut       4%         N/A       65%         4
 Simulacrum               Ice/Necr       2%         N/A       100%        6


Dungeon Overview and Level Annotations

Branches:
Dungeon (2/15)

Altars:


Message History

Confirm with . or Enter, or press ? or * to list all spells.
Aiming: Searing Ray (safe; 2% risk of failure)
Press: ? - help, Shift-Dir - straight line, f/p - gnoll
Aim: a gnoll, wielding a +0 flail (severely wounded, 82% to hit)
The searing ray hits the gnoll!
You kill the gnoll!
The searing ray hits the gnoll.
The gnoll is lightly wounded.
The searing ray hits the gnoll!
The gnoll is severely wounded. (Press . to maintain the ray.)
The goblin shouts!
Your Spellcasting skill increases to level 3!
You have reached level 4!
You feel clever.
The searing ray hits the gnoll.
The gnoll is moderately wounded.
The searing ray hits the gnoll.
The gnoll is almost dead.
The searing ray misses the gnoll.
The gnoll barely misses you.
The searing ray misses the gnoll.
The searing ray hits the gnoll.
You kill the gnoll!
The searing ray hits the gnoll.
The gnoll is lightly wounded.
The gnoll hits you with a +0 whip.
Okay, then.
You barely miss the gnoll.
The gnoll is moderately wounded.
The gnoll hits you with a +0 whip!
You barely miss the gnoll.
The gnoll is moderately wounded.
The gnoll misses you.
A rat comes into view.
You closely miss the gnoll.
The gnoll is moderately wounded.
The gnoll hits you with a +0 whip.
* * * LOW HITPOINT WARNING * * *
Unknown command.
Magic courses through your body. The gnoll hits you with a +0 whip!
You die...

#..##. #.#.##.#.#
#..##.# #.#.#.....
#r.##.# #.#.#.....
#..##.####.#.#.....
#..#...............
#.g..............#.
##g#...............
#g#...#######.###.
#@#...............
#.#..########.###.
#.............. .
#############.# #.#
#.# #.#


You could see 2 gnolls, a goblin and a rat (wandering).

Vanquished Creatures
  2 gnolls (D:2)
  A dart slug (D:1)
  7 ball pythons
  3 endoplasms
  4 giant cockroaches
  5 hobgoblins (D:1)
  3 quokkas
  A bat (D:2)
  3 frilled lizards
  2 goblins
  3 kobolds (D:1)
  3 rats (D:1)
37 creatures vanquished.

Notes
Turn   | Place    | Note
-------+----------+-------------------------------------------
     0 | D:1      | Labrat the Human Conjurer began the quest for the Orb.
     0 | D:1      | Reached XP level 1. HP: 13/13 MP: 3/3
   180 | D:1      | Reached XP level 2. HP: 19/19 MP: 1/5
   232 | D:1      | Learned a level 2 spell: Searing Ray
   716 | D:1      | Reached XP level 3. HP: 24/24 MP: 3/6
  1588 | D:2      | Reached XP level 4. HP: 19/30 MP: 2/8
  1593 | D:2      | Slain by a gnoll

Illustrated notes

Levels and vault maps discovered:
D:1:      lemuel_arrival_river_ford, layout_loops_ring
D:2:      layout_basic, serial_shops, nicolae_shop_hallway_stairs, shop, shop

Skill      XL: |  1  2  3 |
---------------+----------+-----
Spellcasting   | 3 |  3.1
Dodging        | |  2.0
Stealth        | |  2.0
Conjurations   | |  4.8

Action                     |  1- 3 |  4- 6 || total
---------------------------+-------+-------++-------
  Melee: Unarmed           |    35 |       ||    35
         Punch             |     3 |       ||     3
         Dagger            |       |     3 ||     3
   Cast: Magic Dart        |    69 |       ||    69
         Searing Ray       |     1 |       ||     1
    Use: Potion            |       |     1 ||     1
 Armour: Robe              |     6 |       ||     6
  Dodge: Dodged            |    31 |     2 ||    33
